 Dungeon Crawl Stone Soup version 0.26.1-11-gd32895ea62 (webtiles) character file.

Game seed: 6542605751563010534

119 nothank2 the Purveyor of Pain (level 4, -7/30 HPs)
             Began as a Demonspawn Necromancer on July 16, 2021.
             Was an Initiate of Kikubaaqudgha.
             Killed from afar by Sigmund (11 damage)
             ... with a puff of flame
             ... on level 2 of the Dungeon.
             The game lasted 00:06:15 (2924 turns).

nothank2 the Purveyor of Pain (DsNe)                Turns: 2924, Time: 00:06:17

Health: -7/30      AC:  2    Str:  8    XL:     4   Next: 74%
Magic:  8/8        EV: 12    Int: 18    God:    Kikubaaqudgha [......]
Gold:   153        SH:  0    Dex: 13    Spells: 0/9 levels left

rFire    . . .     SeeInvis .   c - +0 hand axe
rCold    . . .     Faith    .   (no shield)
rNeg     . . .     Spirit   .   a - +0 robe
rPois    .         Reflect  .   (helmet restricted)
rElec    .         Harm     .   (no cloak)
rCorr    .         Rampage  .   (no gloves)
Will     .....                  (no boots)
Stlth    ++........             (no amulet)
HPRegen  0.10/turn              (no ring)
MPRegen  0.11/turn              (no ring)

@: no status effects
A: horns 1, powered by pain 1, spiny 1
a: Renounce Religion


You were on level 2 of the Dungeon.
You worshipped Kikubaaqudgha.
Kikubaaqudgha was noncommittal.
You visited 1 branch of the dungeon, and saw 2 of its levels.

You collected 153 gold pieces.

Inventory:

Hand Weapons
 c - a +0 hand axe (weapon)
Armour
 a - a +0 robe (worn)
Scrolls
 d - a scroll of enchant armour {unknown}
 e - 2 scrolls of identify {unknown}
 g - a scroll of noise {unknown}
 h - a scroll of magic mapping {unknown}
 i - a scroll of remove curse {unknown}
Potions
 b - a potion of mutation {unknown}
 f - 3 potions of magic {unknown}
 j - a potion of curing {unknown}


   Skills:
 - Level 1.7 Dodging
 - Level 1.7 Stealth
 + Level 3.1 Spellcasting
 * Level 6.1 Necromancy


You couldn't memorise any spells.
You knew the following spells:

 Your Spells              Type           Power        Failure   Level
a - Pain                  Necr           96%          1%          1
b - Animate Skeleton      Necr           48%          1%          1
c - Vampiric Draining     Necr           12%          4%          3
d - Animate Dead          Necr           12%          13%         4

Your spell library contained the following spells:

 Spells                   Type           Power        Failure   Level
 Agony                    Necr           24%          36%         5


Dungeon Overview and Level Annotations

Branches:
Dungeon (2/15)

Altars:
Fedhas
Kikubaaqudgha
Trog

Annotations:
D:2 Sigmund


Innate Abilities, Weirdness & Mutations

You have a pair of small horns on your head.
You sometimes gain a little power by taking damage.
You are partially covered in sharp spines.


Message History

Sigmund completely misses you.
You're too confused to move!
You hit Sigmund. Your headbutt misses Sigmund.
Sigmund is heavily wounded.
Sigmund closely misses you.
You bump into the rock wall.
Sigmund points at himself and mumbles some strange words.
Sigmund flickers and vanishes!
Deactivating autopickup; reactivate with Ctrl-A.
You barely miss something. Something hits you!
* * * LOW HITPOINT WARNING * * *
You focus on the pain.
You feel your power returning. Something freezes you.
* * * LOW HITPOINT WARNING * * *
You bump into the rock wall.
You feel less confused.
You hear some strange, mumbled words.
A puff of flame appears from out of thin air!
The puff of flame hits you!
You die...
Kikubaaqudgha rasps: "You have failed me!
Welcome... death!"

#r# #.# #.# #.# #.#
#.# #.### #.# #...##
#.# ###..# #.# ##.#
#{# #.# #####@# #)#
#.....# #)# #.#####
#)# #.# #[# ## #.#
#########(####. #.#
#...........##. #.#
#.#######..#.#. #.#
#.# #.###..
#.######.########.#.#.


There were no monsters in sight!

Vanquished Creatures
  Robin (D:2)
  4 gnolls
  An adder (D:2)
  3 dart slugs
  3 leopard geckos (D:1)
  5 bats (D:1)
  A giant cockroach (D:1)
  7 goblins
  12 hobgoblins
  4 jackals (D:1)
  A quokka (D:2)
  4 frilled lizards (D:1)
  A kobold (D:1)
  2 rats (D:1)
49 creatures vanquished.

Vanquished Creatures (collateral kills)
  A kobold (D:2)
1 creature vanquished.

Grand Total: 50 creatures vanquished

Notes
Turn   | Place    | Note
-------+----------+-------------------------------------------
     0 | D:1      | nothank2 the Demonspawn Necromancer began the quest for the
                  | Orb.
     0 | D:1      | Reached XP level 1. HP: 13/13 MP: 3/3
   146 | D:1      | Noticed an ogre
   146 | D:1      | Noticed an ogre
   146 | D:1      | Noticed an ogre
   523 | D:1      | Gained mutation: You have a pair of small horns on your
                  | head. [demonic ancestry]
   523 | D:1      | Reached XP level 2. HP: 17/19 MP: 1/5
   574 | D:1      | Noticed an ogre
   605 | D:1      | Reached skill level 5 in Necromancy
   890 | D:1      | Gained mutation: You sometimes gain a little power by
                  | taking damage. [demonic ancestry]
   890 | D:1      | Reached XP level 3. HP: 23/24 MP: 4/6
  1304 | D:1      | Learned a level 1 spell: Animate Skeleton
  1308 | D:1      | Learned a level 3 spell: Vampiric Draining
  1898 | D:2      | Found an ancient bone altar of Kikubaaqudgha.
  1904 | D:2      | Became a worshipper of Kikubaaqudgha
  1947 | D:2      | Found a bloodstained altar of Trog.
  1947 | D:2      | Found a blossoming altar of Fedhas.
  2176 | D:2      | Noticed Robin
  2180 | D:2      | Gained mutation: You are partially covered in sharp spines.
                  | [demonic ancestry]
  2180 | D:2      | Reached XP level 4. HP: 22/30 MP: 4/8
  2184 | D:2      | Killed Robin
  2380 | D:2      | Reached skill level 6 in Necromancy
  2864 | D:2      | Learned a level 4 spell: Animate Dead
  2915 | D:2      | Noticed Sigmund
  2924 | D:2      | Killed from afar by Sigmund

Illustrated notes

Levels and vault maps discovered:
D:1:      erik_arrival_cave_to_civilisation [erik_arrival_cave_to_temple],
          layout_loops_ring, minmay_indecisive_spiral
D:2:      layout_loops_ring, overflow_temple_1_default,
          chequers_temple_overflow_statue_of_worship, uniq_sigmund, uniq_robin

Skill      XL: |  1  2  3  4 |
---------------+-------------+-----
Necromancy     | 5 6 |  6.1
Spellcasting   | 3 |  3.1
Dodging        | |  1.7
Stealth        | |  1.7

Action                   |  1- 3 |  4- 6 || total
-------------------------+-------+-------++-------
Melee: Hand axe          |    38 |     9 ||    47
       Headbutt          |       |     1 ||     1
 Cast: Pain              |    54 |    19 ||    73
       Animate Skeleton  |     3 |     4 ||     7
 Stab: Sleeping          |     1 |       ||     1
Armor: Robe              |    16 |     3 ||    19
Dodge: Dodged            |    55 |    13 ||    68
